Map: Lightshade LE

Players

rottenorange - Winner!

  • Race: Zerg Zerg
  • League: Silver
  • Spawn Location: 11:00

WINTER

  • Race: Zerg Zerg
  • League: Gold
  • Spawn Location: 5:00

VOD

Have the link to the VOD?

Description

Time

  • Played on: Oct. 10, 2020, 11:23 a.m.
  • Length: 12:41
Show
View Real Time Build Order
Export as new Build Order

rottenorange Zerg - Winner!

Build Orders: Hatch First 

Get SALT Encoding   

  12  0:00  Drone  
  13  0:13  Overlord  
  13  0:17  Drone  
  14  0:31  Drone x2  
  16  0:53  Hatchery  
  15  0:58  Drone x2  
  15  1:02  Extractor  
  16  1:21  Drone, Spawning Pool  
  16  1:23  Drone  
  17  1:38  Drone x2  
  19  1:58  Drone  
  20  2:05  Drone  
  21  2:09  Queen  
  21  2:11  Queen  
  21  2:12  Zergling x4  
  27  2:17  Overlord  
  27  2:24  Zergling x2  
  26  2:48  Zergling x10  
  29  3:08  Zergling x6  
  32  3:18  Overlord  
  32  3:19  Zergling x2  
  33  3:20  Metabolic Boost  
  33  3:33  Spine Crawler  
  31  3:56  Lair  
  31  4:03  Zergling x10, Spawning Pool  
  31  4:07  Drone  
  31  4:08  Drone x3  
  39  4:21  Spine Crawler  
  39  4:23  Spine Crawler  
  37  4:48  Drone x5  
  37  4:49  Drone x2  
  44  4:59  Extractor  
  42  5:33  Overlord x3  
  42  5:50  Roach Warren, Queen  
  43  6:17  Drone x2  
  43  6:18  Extractor, Drone x4  
  48  6:19  Drone  
  48  6:20  Drone x9  
  58  6:25  Queen  
  60  6:42  Hatchery  
  59  7:05  Overseer  
  59  7:19  Overseer  
  59  7:24  Roach x4  
  59  7:27  Overlord  
  59  7:28  Overlord x4  
  59  7:29  Glial Reconstitution  
  67  7:42  Evolution Chamber  
  66  7:45  Hydralisk Den  
  66  7:46  Evolution Chamber  
  64  8:02  Roach x5  
  64  8:03  Extractor, Roach x6  
  84  8:29  Hydralisk x2  
  84  8:30  Hydralisk x9  
  106  8:36  Spore Crawler  
  106  8:38  Spore Crawler  
  102  8:42  Spore Crawler  
  102  8:45  Spore Crawler  
  100  8:57  Queen  
  102  9:13  Hydralisk Den  
  92  9:37  Roach  
  92  9:38  Roach x11  
  104  9:45  Hydralisk x2  
  91  10:12  Hydralisk  
  91  10:13  Hydralisk x4  
  100  10:19  Drone x2  
  100  10:35  Spore Crawler  
  89  10:52  Pneumatized Carapace  
  89  10:59  Hydralisk  
  89  11:26  Spore Crawler  
  89  11:28  Overlord x5, Spore Crawler  
  87  11:46  Drone x10  
  97  11:49  Hydralisk  
  99  11:55  Overlord  
  98  12:02  Hydralisk  
Show
View Real Time Build Order
Export as new Build Order

WINTER Zerg 

Build Orders: Pool First 

Get SALT Encoding   

  12  0:07  Overlord  
  12  0:20  Drone x2  
  14  0:31  Extractor  
  13  0:40  Spawning Pool  
  13  0:42  Drone  
  13  0:46  Drone  
  14  0:50  Drone  
  15  1:32  Zergling x6  
  18  1:36  Hatchery  
  17  1:47  Metabolic Boost  
  17  1:56  Zergling x4  
  19  2:13  Drone  
  20  2:28  Zergling x4  
  20  2:57  Zergling x2  
  20  2:58  Zergling x4  
  20  3:16  Drone x4  
  20  3:17  Queen  
  28  3:23  Lair  
  28  3:25  Zergling x2  
  28  3:26  Zergling x2  
  23  3:50  Zergling x8  
  27  3:58  Evolution Chamber  
  26  4:03  Evolution Chamber  
  26  4:06  Evolution Chamber  
  24  4:21  Spine Crawler  
  24  4:22  Queen  
  25  4:28  Spine Crawler  
  25  4:42  Zerg Missile Weapons Level 1  
  25  4:43  Zerg Melee Weapons Level 1  
  25  4:51  Drone x3  
  28  4:54  Overlord x5  
  28  5:01  Extractor  
  27  5:24  Drone  
  27  5:25  Drone x2  
  27  5:27  Drone x3  
  33  5:36  Drone  
  34  5:58  Drone  
  34  6:00  Drone  
  36  6:09  Spire  
  35  6:14  Extractor  
  35  6:17  Extractor  
  33  6:23  Queen  
  35  6:26  Drone x2  
  35  6:27  Drone x6  
  35  6:28  Drone  
  44  6:39  Overseer  
  44  6:58  Drone x4  
  44  6:59  Drone  
  49  7:21  Mutalisk x4  
  49  7:22  Mutalisk  
  59  7:37  Mutalisk x2  
  59  7:43  Overlord x2  
  59  7:44  Overlord  
  63  7:45  Overlord  
  63  7:50  Mutalisk x2  
  67  8:00  Zerg Flyer Weapons Level 1  
  67  8:39  Mutalisk  
  67  8:40  Mutalisk x3  
  52  9:42  Burrow  
  52  9:43  Mutalisk  
  52  9:44  Mutalisk x4  
  60  10:22  Pneumatized Carapace  
  46  10:59  Mutalisk  
  46  11:00  Mutalisk x4  
  48  11:31  Roach Warren  
  47  11:34  Hydralisk Den  
  46  11:56  Drone  
  46  11:57  Drone x9  
  46  12:00  Drone x2  
Tags
 
Matchup
ZvZ
Race
Zerg
Replay Pack
replays
Spawn Locations
Cross Positions
Add a new tag
Caveats
  • Supply blocks, unpowered buildings, or Contaminate may cause inaccurate times.
  • Supply counts are checked every 10 seconds.